 Dungeon Crawl Stone Soup version 0.27.0-1-g7a089689b8 (webtiles) character file.

Game seed: 6417514156462264684

3140239 kuniqs the Lord of Darkness (level 27, 221/221 HPs)
             Began as a Mummy Necromancer on Aug 10, 2021.
             Was the Champion of Kikubaaqudgha.
             Escaped with the Orb
             ... and 5 runes!
             The game lasted 02:54:10 (73221 turns).

kuniqs the Lord of Darkness (Mummy Necromancer)    Turns: 73221, Time: 02:54:10

Health: 221/221    AC: 29    Str:  9    XL:     27
Magic:  58/58      EV: 28    Int: 25    God:    Kikubaaqudgha [******]
Gold:   4380       SH: 16    Dex: 30    Spells: 4/70 levels left

rFire    + + +     SeeInvis +   j - +9 spear of the Gloaming {vorpal, rF++ rCorr Int-5 Dex+3}
rCold    + + +     Faith    .   p - +2 shield of Resistance {rF++ rC++ Will++}
rNeg     + + +     Spirit   .   O - +4 troll leather armour
rPois    ∞         Reflect  .   N - +2 helmet {SInv}
rElec    +         Harm     .   c - +2 cloak of the Thief {*Fog Slay-2 SInv Stlth+}
rCorr    +         Rampage  .   Q - +2 pair of gloves {Dex+3}
Will     +++++                  l - +2 pair of boots {Fly}
Stlth    ++++......             T - amulet "Kyiroguq" {RegenMP rElec MP+9 Dex+5}
HPRegen  1.46/turn              K - ring of Vichunny {rC+ rN+ AC+4 Dex+2 Stlth+}
MPRegen  0.61/turn              S - ring "Uleuv" {rPois rCorr Str-4 Int+6 Dex+3 Stlth+}

@: flying, studying 2 skills
A: cold resistance 1, negative energy resistance 3, torment resistance 2, heat
vulnerability 1, in touch with death 2, no potions
0: Orb of Zot
}: 5/15 runes: serpentine, barnacled, slimy, silver, abyssal
a: Renounce Religion, Receive Corpses, Torment


You escaped.
You worshipped Kikubaaqudgha.
Kikubaaqudgha was exalted by your worship.
You visited 12 branches of the dungeon, and saw 58 of its levels.
You visited the Abyss 1 time.
You visited 2 bazaars.
You also visited: Ice Cave, Wizlab and Desolation.

You collected 11463 gold pieces.
You spent 7083 gold pieces at shops.

Inventory:

Hand Weapons
 j - the +9 spear of the Gloaming (weapon) {vorpal, rF++ rCorr Int-5 Dex+3}
   (You found it in the Desolation of Salt)

   It inflicts extra damage upon your enemies.
   Int:       It affects your intelligence (-5).
   Dex:       It affects your dexterity (+3).
   rF:        It greatly protects you from fire.
   rCorr:     It protects you from acid and corrosion.
 o - a +9 demon trident of pain
Missiles
 g - 17 throwing nets
 m - 22 curare-tipped darts (quivered)
Armour
 c - the +2 cloak of the Thief (worn) {*Fog Slay-2 SInv Stlth+}
   (You bought it in a shop on level 1 of the Orcish Mines)

   It may release a thick cloud of smoke when the wearer is hurt.
   Slay:      It affects your accuracy & damage with ranged weapons and melee
   (-2).
   SInv:      It lets you see invisible.
   Stlth:     It makes you more stealthy.
 l - a +2 pair of boots of flying (worn)
 n - the +14 tower shield "Suckinat" {rF+ SInv}
   (You found it on level 15 of the Dungeon)

   rF:        It protects you from fire.
   SInv:      It lets you see invisible.
 p - the +2 shield of Resistance (worn) {rF++ rC++ Will++}
   (You found it on level 3 of the Elven Halls)

   rF:        It greatly protects you from fire.
   rC:        It greatly protects you from cold.
   Will:      It greatly increases your willpower.
 G - a +2 cloak of preservation {@q6}
 N - a +2 helmet of see invisible (worn)
 O - a +4 troll leather armour (worn)
 Q - a +2 pair of gloves of dexterity (worn)
Jewellery
 y - the amulet of Igapyeh {Fragile rPois rF+ Regen+ Str+4}
   (You acquired it in a bazaar)

   [amulet of regeneration]

   Str:       It affects your strength (+4).
   rF:        It protects you from fire.
   rPois:     It protects you from poison.
   Regen:     It increases your rate of health regeneration.
   Fragile:   It will be destroyed if unequipped.
 K - the ring of Vichunny (left hand) {rC+ rN+ AC+4 Dex+2 Stlth+}
   (You took it off a deep elf elementalist on level 3 of the Elven Halls)

   [ring of protection]

   AC:        It affects your AC (+4).
   Dex:       It affects your dexterity (+2).
   rC:        It protects you from cold.
   rN:        It protects you from negative energy.
   Stlth:     It makes you more stealthy.
 S - the ring "Uleuv" (right hand) {rPois rCorr Str-4 Int+6 Dex+3 Stlth+}
   (You bought it in a shop on level 5 of the Depths)

   [ring of intelligence]

   Str:       It affects your strength (-4).
   Int:       It affects your intelligence (+6).
   Dex:       It affects your dexterity (+3).
   rPois:     It protects you from poison.
   rCorr:     It protects you from acid and corrosion.
   Stlth:     It makes you more stealthy.
 T - the amulet "Kyiroguq" (around neck) {RegenMP rElec MP+9 Dex+5}
   (You acquired it on level 3 of the Elven Halls)

   [amulet of magic regeneration]

   It increases your rate of magic regeneration.
   Dex:       It affects your dexterity (+5).
   rElec:     It insulates you from electricity.
   MP:        It affects your magic capacity (+9).
Wands
 b - a wand of acid (9)
 u - a wand of flame (186)
 v - a wand of digging (14)
 w - a wand of mindburst (90)
 D - a wand of paralysis (49)
 F - a wand of polymorph (73)
 L - a wand of iceblast (97)
Scrolls
 d - 9 scrolls of blinking {@r3}
 e - 22 scrolls of teleportation {@r2}
 f - 11 scrolls of fear {@r4}
 h - 2 scrolls of torment
 i - a scroll of magic mapping {@q3}
 s - 2 scrolls of silence
 t - 7 scrolls of vulnerability
 x - 7 scrolls of amnesia
 E - 2 scrolls of summoning
 J - 11 scrolls of immolation
 M - 16 scrolls of fog {@r5}
 P - 5 scrolls of enchant armour
Miscellaneous
 B - a box of beasts
 C - a phial of floods
 I - a lightning rod (4/4)
 R - a condenser vane


   Skills:
 - Level 19.0 Fighting
 - Level 14.0 Polearms
 - Level 14.0 Armour
 - Level 15.0 Dodging
 - Level 16.4 Stealth
 - Level 15.0 Shields
 + Level 22.4 Spellcasting
 - Level 12.0 Summonings
 * Level 26.7 Necromancy
 - Level 6.0 Translocations
 - Level 6.0 Ice Magic
 - Level 6.0 Earth Magic


You had 4 spell levels left.
You knew the following spells:

 Your Spells              Type           Power      Damage    Failure   Level
a - Borgnjor's Vile Clut  Necr/Erth      64%        N/A       1%          5
b - Vampiric Draining     Necr           76%        2d16      0%          3
c - Animate Dead          Necr           76%        N/A       0%          4
d - Dispel Undead         Necr           100%       3d31      0%          4
e - Blink                 Tloc           N/A        N/A       1%          2
f - Passage of Golubria   Tloc           N/A        N/A       1%          4
g - Death Channel         Necr           76%        N/A       0%          6
h - Simulacrum            Ice/Necr       64%        N/A       1%          6
i - Monstrous Menagerie   Summ           36%        N/A       11%         7
j - Haunt                 Necr/Summ      68%        N/A       1%          7
k - Shadow Creatures      Summ           N/A        N/A       1%          6
l - Infestation           Necr           76%        N/A       1%          8
m - Iskenderun's Mystic   Conj/Tloc      43%        2d10      4%          4

Your spell library contained the following spells:

 Spells                   Type           Power      Damage    Failure   Level
 Animate Skeleton         Necr           100%       N/A       0%          1
 Pain                     Necr           100%       1d9       0%          1
 Summon Small Mammal      Summ           100%       N/A       0%          1
 Corpse Rot               Necr/Air       N/A        N/A       0%          2
 Apportation              Tloc           100%       N/A       1%          1
 Corona                   Hex            31%        N/A       1%          1
 Foxfire                  Conj/Fire      100%       2x1d9     1%          1
 Freeze                   Ice            100%       1d11      1%          1
 Magic Dart               Conj           100%       1d8       1%          1
 Sandblast                Erth           100%       2d20      1%          1
 Sting                    Tmut/Pois      100%       1d8       1%          1
 Call Imp                 Summ           73%        N/A       1%          2
 Ensorcelled Hibernation  Hex/Ice        86%        N/A       1%          2
 Passwall                 Tmut/Erth      35%        N/A       1%          2
 Call Canine Familiar     Summ           73%        N/A       1%          3
 Frozen Ramparts          Ice            100%       1d12      1%          3
 Gell's Gravitas          Tloc           27%        N/A       1%          3
 Lesser Beckoning         Tloc           27%        N/A       1%          3
 Portal Projectile        Hex/Tloc       86%        N/A       1%          3
 Stone Arrow              Conj/Erth      86%        3d12      1%          3
 Summon Guardian Golem    Hex/Summ       55%        N/A       1%          3
 Teleport Other           Tloc           55%        N/A       1%          3
 Animate Armour           Summ/Erth      100%       N/A       1%          4
 Summon Ice Beast         Ice/Summ       64%        N/A       1%          4
 Slow                     Hex            28%        N/A       2%          2
 Static Discharge         Conj/Air       28%        N/A       2%          2
 Confusing Touch          Hex            28%        N/A       4%          3
 Conjure Flame            Conj/Fire      28%        6-21      4%          3
 Ignite Poison            Fire/Tmut/Pois 28%        N/A       4%          3
 Inner Flame              Hex/Fire       28%        N/A       4%          3
 Mephitic Cloud           Conj/Pois/Air  28%        N/A       4%          3
 Hailstorm                Conj/Ice       43%        3d10      4%          4
 Leda's Liquefaction      Hex/Erth       21%        N/A       4%          4
 Petrify                  Tmut/Erth      43%        N/A       4%          4
 Cause Fear               Hex            14%        N/A       17%         4
 Fulminant Prism          Conj/Hex       14%        3d9       17%         4
 Olgreb's Toxic Radiance  Pois           28%        N/A       17%         4
 Sticky Flame             Conj/Fire      28%        2d5       17%         4
 Agony                    Necr           100%       N/A       0%          5
 Excruciating Wounds      Necr           76%        N/A       0%          5
 Summon Forest            Summ/Tloc      32%        N/A       1%          5
 Lee's Rapid Deconstruct  Erth           27%        3d16*     4%          5
 Manifold Assault         Tloc           55%        N/A       4%          5
 Summon Mana Viper        Hex/Summ       55%        N/A       4%          5
 Summon Hydra             Summ           36%        N/A       11%         7
 Metabolic Englaciation   Hex/Ice        21%        N/A       14%         5
 Bolt of Magma            Conj/Fire/Erth 19%        4d10      21%         5
 Freezing Cloud           Conj/Ice/Air   19%        6-21      21%         5
 Dispersal                Tloc           27%        N/A       22%         6
 Alistair's Intoxication  Tmut/Pois      18%        N/A       43%         5
 Fireball                 Conj/Fire      14%        3d8       43%         5
 Irradiate                Conj/Tmut      14%        3d18      43%         5
 Iskenderun's Battlesphe  Conj           28%        2d8       43%         5
 Lightning Bolt           Conj/Air       14%        1d27      43%         5
 Silence                  Hex/Air        14%        N/A       43%         5
 Iron Shot                Conj/Erth      21%        9d5       58%         6
 Ozocubu's Refrigeration  Ice            27%        4d10      77%         7
 Spellforged Servitor     Conj/Summ      27%        N/A       77%         7
 Conjure Ball Lightning   Conj/Air       14%        3x3d6     95%         6
 Eringya's Noxious Bog    Tmut/Pois      14%        N/A       95%         6
 Invisibility             Hex            14%        N/A       95%         6
 Orb of Destruction       Conj           14%        9d7       100%        7
 Discord                  Hex            14%        N/A       100%        8
 Disjunction              Tloc           27%        N/A       100%        8
 Ignition                 Fire           14%        3d6       100%        8
 Lehudib's Crystal Spear  Conj/Erth      21%        10d6      100%        8
 Maxwell's Capacitive Co  Air            14%        ∞         100%        8
 Shatter                  Erth           27%        3d23*     100%        9
 Sublimation of Blood     Necr           Unusable   N/A       N/A         2
 Wereblood                Tmut           Unusable   N/A       N/A         2
 Spider Form              Tmut/Pois      Unusable   N/A       N/A         3
 Borgnjor's Revivificati  Necr           Unusable   N/A       N/A         8
 Death's Door             Necr           Unusable   N/A       N/A         9
 Blade Hands              Tmut           Unusable   N/A       N/A         5
 Necromutation            Tmut/Necr      Unusable   N/A       N/A         8
 Statue Form              Tmut/Erth      Unusable   N/A       N/A         6
 Dragon Form              Tmut           Unusable   N/A       N/A         7
 Storm Form               Tmut/Air       Unusable   N/A       N/A         7

Dungeon Overview and Level Annotations

Branches:
Dungeon (15/15)            Temple (1/1) D:4            Lair (6/6) D:8
 Shoals (4/4) Lair:2        Snake (4/4) Lair:2        Slime (5/5) Lair:5
    Orc (2/2) D:9             Elf (3/3) Orc:2        Vaults (5/5) D:13
  Crypt (3/3) Vaults:3       Tomb (0/3) Crypt:3      Depths (5/5) D:15
    Zot (5/5) Depths:5      IceCv (visited)          WizLab (visited)
Desolation (visited)

Altars:
Ashenzari
Cheibriados
Dithmenos
Elyvilon
Fedhas
Gozag
Hepliaklqana
Kikubaaqudgha
Makhleb
Nemelex Xobeh
Okawaru
Qazlal
Ru
Sif Muna
Trog
Uskayaw
Vehumet
Wu Jian
Xom
Yredelemnul
Zin
The Shining One
Beogh
Jiyva

Shops:
Orc:1 :[[(   Orc:2 ([*:   Elf:3 *   Snake:4 *=?:=:   Vaults:1 (   Depths:3 =
Depths:4 (:?   Depths:5 =(!?

Portals:
Hell: Depths:1 Depths:2 Depths:3 Depths:4 Depths:5
Abyss: Depths:1 Depths:4 Depths:5
Pandemonium: Depths:3
Ziggurat: Depths:5

Annotations:
D:7 dig
D:11 3 runed translucent doors, exclusion: orange crystal statue
Shoals:3 2 transporters, Keherigeeg's ghost, adept FoCK
Elf:2 5 runed translucent doors
Elf:3 2 transporters, generaletaddeo's ghost, master OpEE
Depths:3 exclusion: upstairs


Innate Abilities, Weirdness & Mutations

You are immune to poison.
Your flesh is cold resistant. (rC+)
You are immune to negative energy. (rN+++)
You are immune to unholy pain and torment.
You are vulnerable to heat. (rF-)
You are strongly in touch with the powers of death.
You do not drink.


Message History

(D) Dungeon (T) Temple (L) Lair (A) Shoals (P) Snake Pit (M) Slime Pits (O) Orcish Mines (E) Elven Halls (V) Vaults (C) Crypt (W) Tomb (U) Depths (H) Hell (Z) Zot
Where to? (Enter - D:1, ? - help)
A sixfirhy is nearby!
Casting: Borgnjor's Vile Clutch (safe; 1% risk of failure)
Confirm with . or Enter, or press ? or * to list all spells.
Aiming: Borgnjor's Vile Clutch (safe; 1% risk of failure)
Press: ? - help, Shift-Dir - straight line, f - sixfirhy
Aim: a sixfirhy (100% to hit)
You feel a strong surge of power!
Zombie hands grab the sixfirhy.
The zombie hands constrict the sixfirhy!
The sixfirhy hits you but does no damage.
You hit the sixfirhy.
The sixfirhy is moderately wounded.
The zombie hands constrict the sixfirhy!
You hit the sixfirhy.
The sixfirhy is severely wounded.
The zombie hands constrict the sixfirhy!
You kill the sixfirhy!
Kikubaaqudgha accepts your kill.
Okay, then.
(D) Dungeon (T) Temple (L) Lair (A) Shoals (P) Snake Pit (M) Slime Pits (O) Orcish Mines (E) Elven Halls (V) Vaults (C) Crypt (W) Tomb (U) Depths (H) Hell (Z) Zot
Where to? (Enter - D:1, ? - help) Magic restored.
There is a stone staircase leading up here.
You fly upwards.
There is a stone staircase leading down here.
There is a stone staircase leading up here.
You fly upwards.
There is a stone staircase leading down here.
There is an open door here.
There is an open door here.
There is a staircase leading out of the dungeon here.
You have escaped!

#..♣÷#..8..#÷ #..♣♣#.....#♣
######....##♣'♣##.
#................. #
#.######.###...##. ## #.# ###
##..... .# ###♣#♣#♣#♣#♣#.....
.########### #.............##..
...........# #@..♣♣........###.
.....#####.# #.............# #.
#..#..# #.# ###♣#♣#♣#♣#♣### #.
.#..#.# #.# ##.#### ### ##'
..#..!# #.# #.###.###.# ##..
#..#..####.# ##.##.##.## ##...
.#..#.##.#.# ##.#.#..## ##....
..#...#....#######......####.....
#..#.......................'.....


There were no monsters in sight!

Vanquished Creatures
  2 dread liches (Zot:5)
  An ancient lich (Zot:5)
  The ghost of Sebriys the Wrestler, a legendary TrBe of Trog (Zot:2)
  2 orbs of fire
  Mara (Vaults:3)
  Mennas (Depths:3)
  Sojobo (Depths:3)
  Saint Roka (Depths:3)
  4 Killer Klowns (Zot:5)
  Vashnia (Snake:3)
  A caustic shrike (Depths:4)
  3 curse toes
  11 golden dragons
  The ghost of TPoD the Slayer, an adept HOMo of Beogh (Vaults:2)
  3 bone dragons (Depths:5)
  2 electric golems
  13 tentacled monstrosities
  An Ice Fiend (Depths:5)
  4 liches
  18 Orb Guardians (Zot:5)
  3 deep elf blademasters (Elf:3)
  8 quicksilver dragons
  A shard shrike skeleton (Crypt:2)
  A titan (shapeshifter) (Vaults:5)
  Asterion (Elf:2)
  6 titans
  2 deep elf master archers (Elf:3)
  A kraken (Shoals:1)
  2 Executioners
  Gastronok (Lair:1)
  14 acid blobs
  7 death cobs
  A sphinx (Vaults:4)
  4 tentacled starspawn
  3 ancient champions
  A thorn hunter (Abyss:3)
  An eldritch tentacle (Depths:3)
  Roxanne (Elf:2)
  12 shadow dragons
  The ghost of megamayne420 the Severer, an adept HOMo of the Shining One (Snake:4)
  Agnes (Snake:3)
  9 azure jellies
  Donald (Snake:2)
  6 tengu reavers
  12 storm dragons
  9 draconian monks
  15 fire giants
  2 revenants
  The ghost of fram the Thaumaturge, an adept DsFE of Sif Muna (Snake:3)
  4 rockslimes
  4 nagarajas
  3 draconian knights
  11 draconian scorchers
  13 frost giants
  9 deep elf sorcerers
  5 spectral caustic shrikes (Depths:5)
  A balrug (Depths:3)
  2 orc warlords (Orc:2)
  An imperial myrmidon (Desolation)
  17 vault wardens
  Aizul (Snake:2)
  5 iron dragons
  A cacodemon (Abyss:3)
  Louise (Snake:1)
  7 deep elf elementalists (Elf:3)
  4 ghouls (Crypt:2)
  An emperor scorpion (shapeshifter) (D:14)
  4 draconian stormcallers
  6 draconian shifters
  2 curse skulls
  11 quicksilver oozes
  2 war gargoyles
  A caustic shrike skeleton (Depths:3)
  16 ironbound preservers
  The ghost of Opsifuid the Severer, a journeyman BaBe of Trog (Elf:1)
  20 stone giants
  4 draconian annihilators
  12 very ugly things
  7 green draconians
  2 spriggan defenders (Depths:5)
  9 deep elf annihilators
  9 vampire knights
  Nessos (D:13)
  12 yellow draconians
  13 black draconians
  2 spectral titans (Crypt:3)
  4 deep elf demonologists
  7 red draconians
  3 halazid warlocks (Desolation)
  2 entropy weavers
  13 dire elephants
  4 spark wasps
  Azrael (Snake:3)
  11 white draconians
  6 purple draconians
  4 crystal guardians
  3 spectral quicksilver dragons (Crypt:3)
  13 eidola
  10 fire dragons
  2 merfolk javelineers
  19 ettins
  9 deep elf high priests
  10 jiangshi
  7 merfolk impalers
  6 deep elf death magi
  5 ironbound thunderhulks
  8 yaktaur captains
  3 ragged hierophants (Desolation)
  17 hydras
  15 naga warriors
  16 vault guards
  6 peacekeepers
  8 ice dragons
  A spectral shadow dragon (Crypt:3)
  13 great orbs of eyes
  5 rakshasas
  11 servants of whispers (Desolation)
  3 ogre magi
  12 anacondas
  A salamander tyrant (Snake:4)
  An anaconda (shapeshifter) (Vaults:3)
  4 merfolk avatars
  A spectral frost giant (Crypt:3)
  12 boulder beetles
  4 death knights
  2 ironbound frosthearts
  2 spectral stone giants
  4 satyrs
  4 spriggan air magi
  27 centaur warriors
  8 dancing weapons
  2 deep troll shamans
  A spectral fire giant (Crypt:3)
  A merfolk aquamancer (Shoals:4)
  10 two-headed ogres
  6 vampire magi
  3 alligator snapping turtles
  12 naga sharpshooters
  11 death yaks
  6 deep troll earth magi
  10 ironbound beastmasters
  2 spectral storm dragons (Crypt:3)
  Urug (Lair:5)
  3 shock serpents
  An orc high priest (Orc:2)
  9 tengu warriors
  4 deep elf knights
  5 thrashing horrors
  7 hell knights
  2 spriggan berserkers
  Nergalle (D:11)
  3 sun demons
  5 shadow wraiths
  12 skeletal warriors
  3 wretched stars
  A spectral black draconian (Crypt:3)
  A spark wasp zombie (Crypt:3)
  4 salamander mystics
  A sixfirhy (D:3)
  A spectral catoblepas (Crypt:3)
  3 spectral death yaks (Lair:6)
  2 spectral anacondas
  A glowing orange brain (shapeshifter) (Vaults:5)
  10 iron trolls
  54 deep trolls
  10 deep elf archers
  4 starcursed masses
  7 sea snakes
  2 death drakes (Depths:3)
  9 phantasmal warriors
  8 naga ritualists
  11 wizards
  2 bog bodies (Crypt:2)
  A golden dragon skeleton (Crypt:1)
  9 lindwurms
  An obsidian statue (Lair:6)
  12 flayed ghosts
  4 glowing orange brains
  3 orange crystal statues
  A frost giant zombie (Crypt:2)
  29 deep elf pyromancers
  A spectral wolf spider (Crypt:3)
  9 ironbound convokers
  3 orc knights (Orc:2)
  9 harpies
  13 necromancers
  8 mana vipers
  A goliath frog zombie (Crypt:2)
  16 deep elf zephyrmancers
  7 orc sorcerers
  43 ugly things
  A spectral fire dragon (Crypt:3)
  12 manticores
  14 fauns
  4 worldbinders (Abyss:3)
  2 spectral ice dragons (Crypt:3)
  2 shining eyes
  2 fire giant zombies (Crypt:3)
  10 salamanders
  11 cyclopes
  12 large abominations
  11 guardian serpents
  34 moths of wrath
  A goliath frog skeleton (Crypt:1)
  A stone giant skeleton (Crypt:1)
  10 merfolk sirens
  13 elephants
  2 apocalypse crabs
  5 centaur zombies
  A titan simulacrum (Crypt:3)
  A torpor snail (Lair:6)
  24 black mambas
  15 vault sentinels
  4 eyes of devastation
  5 water nymphs
  A fire giant skeleton (Crypt:1)
  19 naga magi
  A gargoyle (D:13)
  3 unseen horrors
  11 cane toads
  A shock serpent skeleton (Crypt:2)
  4 smoke demons
  Maggie (D:8)
  A dire elephant skeleton (Lair:6)
  An efreet (Zot:1)
  4 entropy weaver simulacra (IceCv)
  A kobold demonologist (Depths:4)
  6 komodo dragons
  A death yak skeleton (Crypt:2)
  9 rime drakes
  30 yaktaurs
  3 very ugly thing simulacra (IceCv)
  A tengu conjurer (Depths:1)
  19 freezing wraiths
  12 trolls
  A catoblepas skeleton (Abyss:3)
  2 sea snake skeletons (Crypt:1)
  2 ancient zymes (Abyss:3)
  A jumping spider (Depths:3)
  A queen bee (D:14)
  3 meliai
  An elf skeleton (Depths:3)
  19 merfolk
  2 hornets (Depths:5)
  6 wind drakes
  43 saltlings (Desolation)
  2 polar bears
  Prince Ribbit (D:5)
  21 blink frogs
  68 slime creatures
  An elf zombie (Depths:3)
  A spectral elephant (Lair:6)
  A dream sheep (shapeshifter) (D:13)
  8 dream sheep
  2 blink frogs (shapeshifter)
  4 raiju (Abyss:1)
  2 ettin zombies (Crypt:1)
  An ice dragon zombie (Crypt:1)
  A centaur simulacrum (D:15)
  A meliai zombie (D:11)
  A spriggan (shapeshifter) (D:13)
  2 spriggans (Depths:5)
  An air elemental (Elf:2)
  4 redbacks (Vaults:4)
  4 ynoxinuls
  A shadow (D:10)
  9 snapping turtles
  A vampire (Abyss:3)
  A fire dragon skeleton (Crypt:2)
  14 water elementals
  38 yaks
  5 wraiths
  14 golden eyes
  4 fire elementals
  10 basilisks
  7 vampire mosquitoes
  8 chaos spawn
  2 neqoxecs
  A steam dragon (D:8)
  5 wyverns
  Grum (D:11)
  4 wargs
  2 spectral cane toads
  A swamp worm (shapeshifter) (Depths:3)
  A spatial vortex (Depths:3)
  Edmund (D:4)
  An infernal demonspawn zombie (Crypt:3)
  64 nagas
  5 demonic crawler simulacra (IceCv)
  8 hell hounds
  A cane toad zombie (Crypt:3)
  A torturous demonspawn zombie (Crypt:3)
  2 acid dragons
  20 water moccasins
  A two-headed ogre skeleton (Crypt:2)
  2 swamp drakes (Depths:3)
  29 orc warriors
  2 ettin simulacra
  2 sky beasts (D:8)
  3 elephant zombies (Lair:6)
  5 black bears
  6 necrophages
  3 ice beasts
  2 fire dragon simulacra
  3 ugly thing simulacra (IceCv)
  23 wolves
  10 ogres
  13 centaurs
  A dream sheep skeleton (Crypt:3)
  A manticore skeleton (Crypt:2)
  An elephant skeleton (Lair:6)
  A spectral human (Crypt:3)
  4 phantoms
  6 kobold brigands
  A nameless horror (Depths:3)
  9 bullfrogs
  3 gnoll sergeants
  5 scorpions
  2 cane toad simulacra
  2 earth elementals
  A water moccasin zombie (D:6)
  A cyclops skeleton (Crypt:1)
  25 killer bees
  A water moccasin skeleton (D:4)
  A manticore simulacrum (Crypt:1)
  10 wights
  2 electric eels (Lair:2)
  A troll skeleton (Crypt:3)
  A vampire bat (D:5)
  A yak skeleton (Crypt:1)
  An elf simulacrum (Crypt:3)
  17 small abominations
  10 howler monkeys
  A quasit (Abyss:3)
  A bullfrog zombie (D:6)
  3 hounds
  15 orc priests
  A bullfrog skeleton (Crypt:2)
  2 jellies
  A gnoll shaman (D:9)
  2 iguanas (D:6)
  3 iron imps
  18 orc wizards
  A deep dwarf skeleton (Crypt:2)
  A dwarf zombie (Crypt:3)
  A hound skeleton (D:5)
  A howler monkey zombie (D:6)
  4 adders
  A howler monkey skeleton (Crypt:3)
  10 gnolls
  A shadow imp (D:8)
  3 white imps
  An ufetubus (D:5)
  An adder zombie (D:3)
  A worm (Temple)
  2 dart slugs
  3 fire bats (D:5)
  The ghost of RepoMan the Sneak, a weakling SpDe (D:15)
  65 orcs
  2 spectral bats (D:5)
  12 bats
  3 bat skeletons (D:5)
  A bat zombie (D:5)
  9 endoplasms
  7 giant cockroaches
  8 goblins
  4 hobgoblins
  2 jackals (D:4)
  17 kobolds
  A quokka (D:5)
  A river rat zombie (Crypt:1)
  9 ball pythons
  A bat simulacrum (D:5)
  A dart slug zombie (Crypt:1)
  2 frilled lizards
  2 giant cockroach zombies
  A jackal zombie (Crypt:1)
  A kobold skeleton (Crypt:3)
  A kobold zombie (Crypt:1)
  A rat (D:3)
  A lurking horror (Abyss:3)
  3 starspawn tentacles
  A tentacle (Shoals:1)
2383 creatures vanquished.

Vanquished Creatures (collateral kills)
  the Royal Jelly (Slime:5)
  3 orbs of fire
  4 Killer Klowns (Zot:5)
  A golden dragon (Zot:3)
  Jory (Depths:3)
  A Tzitzimitl (Zot:4)
  An electric golem (Zot:5)
  An Ice Fiend (Zot:4)
  2 Orb Guardians (Zot:5)
  4 titans (Vaults:5)
  An acid blob (Slime:5)
  3 storm dragons (Vaults:5)
  3 shadow dragons (Vaults:5)
  4 tengu reavers (Vaults:5)
  3 nagarajas (Snake:4)
  3 fire giants (Vaults:5)
  5 azure jellies
  3 frost giants (Vaults:5)
  An iron dragon (Vaults:5)
  5 rockslimes
  A draconian knight (Zot:5)
  A draconian scorcher (Zot:5)
  A draconian shifter (Zot:5)
  3 vault wardens
  3 very ugly things (Vaults:5)
  2 ironbound preservers (Vaults:5)
  3 stone giants (Vaults:5)
  A quicksilver ooze (IceCv)
  A black draconian (Zot:5)
  A purple draconian (Zot:2)
  An entropy weaver (Vaults:5)
  2 merfolk javelineers (Shoals:4)
  2 ettins (Vaults:5)
  A deep elf death mage (Vaults:5)
  3 yaktaur captains
  A deep elf high priest (Vaults:5)
  An ironbound thunderhulk (Vaults:5)
  A merfolk avatar (Shoals:4)
  A salamander tyrant (Snake:4)
  16 vault guards (Vaults:5)
  A centaur warrior (Vaults:3)
  A merfolk aquamancer (Shoals:2)
  A satyr (Shoals:4)
  3 deep troll earth magi (Vaults:5)
  2 naga sharpshooters (Snake:4)
  2 hell knights (Vaults:5)
  3 wretched stars (Abyss:3)
  3 sea snakes (Shoals:1)
  A salamander mystic (Snake:4)
  A flayed ghost (Vaults:5)
  3 naga ritualists (Snake:4)
  A glowing orange brain (Slime:3)
  4 phantasmal warriors (Vaults:5)
  A lindwurm (shapeshifter) (Vaults:5)
  An ironbound convoker (Vaults:5)
  An orc knight (Vaults:5)
  3 harpies
  2 mana vipers (Snake:4)
  2 shining eyes (Slime:4)
  8 fauns
  A manticore (Shoals:4)
  3 vault sentinels (Vaults:5)
  2 ugly things (Vaults:5)
  2 merfolk sirens
  A moth of wrath (Zot:2)
  3 guardian serpents (Snake:4)
  A cyclops (Shoals:1)
  A water nymph (Shoals:3)
  3 naga magi (Snake:4)
  A smoke demon (Zot:2)
  2 yaktaurs (Vaults:5)
  A freezing wraith (Crypt:3)
  6 merfolk
  4 wind drakes
  3 slime creatures (Vaults:1)
  2 snapping turtles
  3 dream sheep (Shoals:1)
  A blink frog (Lair:5)
  8 water elementals
  A vampire (D:9)
  2 golden eyes (Slime:5)
  A spatial vortex (Depths:3)
  2 nagas (Snake:4)
  A water moccasin (shapeshifter) (Vaults:5)
  4 orc warriors (Vaults:5)
  A sky beast (shapeshifter) (Vaults:5)
  A centaur (Shoals:1)
  An orc (Vaults:5)
  A plant (Shoals:4)
  A tentacle (Shoals:1)
204 creatures vanquished.

Vanquished Creatures (others)
  An ancient lich (Zot:2)
  A draconian knight (Zot:2)
  A draconian scorcher (Zot:5)
  A purple draconian (Depths:5)
  A deep elf high priest (Elf:3)
  A peacekeeper (Desolation)
  2 vault guards (Vaults:5)
  2 merfolk aquamancers (Shoals:4)
  A satyr (Shoals:1)
  A deep elf zephyrmancer (Elf:2)
  An ironbound convoker (Vaults:5)
  A cyclops (shapeshifter) (Vaults:5)
  A moth of wrath (Zot:1)
  A guardian serpent (Desolation)
  A naga mage (Snake:4)
  An entropy weaver simulacrum (IceCv)
  A slime creature (IceCv)
  A warg (Depths:3)
  2 nagas
  2 ugly thing simulacra (IceCv)
  2 wolves (Lair:5)
  An orc (Depths:3)
  34 fungi
  2 lurking horrors (Slime:1)
  248 plants
  8 starspawn tentacles
  7 tentacles (Shoals:1)
  16 withered plants (Lair:6)
342 creatures vanquished.

Grand Total: 2929 creatures vanquished

Notes
Turn   | Place    | Note
-------+----------+-------------------------------------------
     0 | D:1      | kuniqs the Mummy Necromancer began the quest for the Orb.
     0 | D:1      | Reached XP level 1. HP: 13/13 MP: 4/4
   432 | D:1      | Reached XP level 2. HP: 19/19 MP: 1/6
   934 | D:1      | Found a faded altar of an unknown god.
  1333 | D:2      | Reached XP level 3. HP: 24/24 MP: 1/7
  1337 | D:2      | Learned a level 3 spell: Vampiric Draining
  1406 | D:2      | You fall into a shaft and drop 2 floors!
  1488 | D:4      | Noticed Edmund
  2627 | D:4      | Reached XP level 4. HP: 27/30 MP: 4/9
  2655 | D:4      | Learned a level 4 spell: Animate Dead
  2685 | D:4      | Found a staircase to the Ecumenical Temple.
  2697 | Temple   | Entered the Ecumenical Temple
  2927 | D:4      | Noticed a scorpion
  3093 | D:4      | Killed a scorpion
  3094 | D:4      | Reached XP level 5. HP: 34/35 MP: 3/11
  3217 | D:4      | Reached skill level 5 in Necromancy
  3751 | D:4      | Noticed a necrophage
  3767 | D:4      | Killed a necrophage
  3768 | D:4      | Reached skill level 5 in Spellcasting
  3768 | D:4      | Reached XP level 6. HP: 28/41 MP: 13/13
  4123 | D:5      | Entered Level 5 of the Dungeon
  4734 | D:5      | Reached skill level 6 in Necromancy
  4734 | D:5      | Reached XP level 7. HP: 44/46 MP: 15/15
  5060 | D:5      | Reached skill level 7 in Necromancy
  5254 | D:5      | Noticed Prince Ribbit
  5264 | D:5      | Killed Prince Ribbit
  5265 | D:5      | Reached XP level 8. HP: 32/52 MP: 1/19
  5458 | D:5      | Found a shimmering blue altar of Sif Muna.
  5458 | D:5      | Found an ancient bone altar of Kikubaaqudgha.
  5465 | D:5      | Became a worshipper of Kikubaaqudgha
  5982 | D:6      | Found a snail-covered altar of Cheibriados.
  5982 | D:6      | Found a radiant altar of Vehumet.
  5983 | D:6      | Found a stormy altar of Qazlal.
  6434 | D:5      | Reached skill level 8 in Necromancy
  7236 | D:6      | Reached XP level 9. HP: 41/57 MP: 9/22
  7314 | D:6      | Reached skill level 9 in Necromancy
  7328 | D:6      | Identified the +6 hunting sling "Sarcophage" {venom,
                  | Stlth+}
  8016 | D:7      | Reached skill level 10 in Spellcasting
  8889 | D:7      | Reached * piety under Kikubaaqudgha
  8889 | D:7      | Received a gift from Kikubaaqudgha
  9291 | D:8      | Reached skill level 10 in Necromancy
  9324 | D:8      | Noticed Maggie
  9333 | D:8      | HP: 2/57 [Maggie (4)]
  9337 | D:8      | Killed Maggie
  9654 | D:8      | Found a staircase to the Lair.
  9896 | D:8      | Noticed a centaur warrior
  9927 | D:8      | Reached XP level 10. HP: 53/63 MP: 18/25
 10518 | D:8      | Killed a centaur warrior
 10519 | D:8      | Reached skill level 11 in Necromancy
 10779 | D:8      | Noticed a manticore
 10792 | D:8      | Killed a manticore
 10793 | D:8      | Reached skill level 1 in Fighting
 11148 | D:8      | Noticed a two-headed ogre
 11167 | D:8      | Killed a two-headed ogre
 11168 | D:8      | Reached skill level 5 in Stealth
 11443 | D:9      | Found a staircase to the Orcish Mines.
 11483 | D:9      | Reached ** piety under Kikubaaqudgha
 11925 | D:9      | Learned a level 3 spell: Mephitic Cloud
 12212 | D:9      | Noticed a two-headed ogre
 12222 | D:9      | Killed a two-headed ogre
 12571 | D:9      | Reached XP level 11. HP: 67/76 MP: 27/27
 12759 | D:9      | Found a sacrificial altar of Ru.
 13220 | D:8      | Identified 2 scrolls of acquirement
 13228 | D:8      | Acquired a +1 kite shield of protection
 13338 | D:9      | Reached skill level 1 in Shields
 13831 | D:10     | Entered Level 10 of the Dungeon
 13831 | D:10     | Noticed a two-headed ogre
 14418 | D:10     | Reached *** piety under Kikubaaqudgha
 14418 | D:10     | Received a gift from Kikubaaqudgha
 14438 | D:10     | Learned a level 4 spell: Dispel Undead
 14444 | D:10     | Learned a level 5 spell: Borgnjor's Vile Clutch
 14451 | D:10     | Learned a level 6 spell: Death Channel
 14645 | D:10     | Killed a two-headed ogre
 14646 | D:10     | Reached skill level 1 in Earth Magic
 14897 | D:11     | Reached skill level 5 in Fighting
 15333 | D:11     | Noticed Grum
 15337 | D:11     | Killed Grum
 15395 | D:11     | Found a runed translucent door.
 15399 | D:11     | Noticed Nergalle
 15409 | D:11     | Killed Nergalle
 15427 | D:11     | Found a runed translucent door.
 15459 | D:11     | Noticed a boulder beetle
 15468 | D:11     | Killed a boulder beetle
 15592 | D:11     | Found a runed translucent door.
 15610 | D:11     | Found a runed translucent door.
 15822 | D:11     | Noticed a brown ugly thing
 15845 | D:11     | Killed a brown ugly thing
 16272 | D:11     | Noticed an orange crystal statue
 16465 | D:12     | Reached XP level 12. HP: 60/86 MP: 13/28
 16591 | D:12     | Reached skill level 10 in Stealth
 16630 | D:12     | Noticed a death knight
 16644 | D:12     | Killed a death knight
 16766 | D:12     | Identified the +8 great sword "Ynuymec" {speed, Str+4}
 17163 | D:12     | Reached **** piety under Kikubaaqudgha
 17588 | D:12     | Reached skill level 5 in Shields
 18032 | D:13     | Noticed a centaur warrior
 18037 | D:13     | Killed a centaur warrior
 18059 | D:13     | Reached skill level 5 in Earth Magic
 18133 | D:13     | Noticed Nessos
 18146 | D:13     | Killed Nessos
 18219 | D:13     | Noticed a centaur warrior
 18228 | D:13     | Killed a centaur warrior
 18358 | D:13     | Noticed a vault guard
 18520 | D:13     | Killed a vault guard
 18587 | D:13     | Noticed a vault guard
 18639 | D:13     | Killed a vault guard
 18727 | D:13     | Noticed a vault guard
 18841 | D:13     | Noticed an ogre mage
 18907 | D:13     | Killed a vault guard
 18914 | D:13     | Killed an ogre mage
 19001 | D:13     | Noticed a vault guard
 19008 | D:13     | Noticed a vault guard
 19017 | D:13     | Killed a vault guard
 19021 | D:13     | Noticed an ogre mage
 19022 | D:13     | Killed a vault guard
 19146 | D:13     | Noticed a two-headed ogre
 19152 | D:13     | Killed a two-headed ogre
 19155 | D:13     | Gained mutation: You are in touch with the powers of death.
                  | [Mummy growth]
 19155 | D:13     | Reached XP level 13. HP: 91/91 MP: 19/29
 19483 | D:13     | Found a gate to the Vaults.
 20115 | D:14     | Reached skill level 12 in Necromancy
 21122 | D:14     | Reached ***** piety under Kikubaaqudgha
 21614 | D:14     | Identified the +5 trident "Axo Byrre" {flame, +Rage rN+
                  | Stlth+}
 21905 | D:14     | Noticed a fire dragon
 21935 | D:14     | Noticed an emperor scorpion
 21955 | D:14     | Killed an emperor scorpion
 21956 | D:14     | Reached XP level 14. HP: 55/103 MP: 6/32
 22368 | D:14     | Identified the amulet "Fioru" {RegenMP rCorr Int+3}
 23224 | D:14     | Got the Collected Works on Flamy Curses
 23379 | D:14     | Learned a level 6 spell: Simulacrum
 23421 | D:15     | Entered Level 15 of the Dungeon
 23448 | D:15     | Reached skill level 13 in Necromancy
 23771 | D:15     | Found a runed translucent gate.
 23771 | D:15     | Found a runed translucent gate.
 23774 | D:15     | Found a runed translucent gate.
 23775 | D:15     | Noticed RepoMan's ghost (weakling SpDe)
 23776 | D:15     | Found an iron altar of Okawaru.
 23958 | D:15     | Found a staircase to the Depths.
 24023 | D:15     | Noticed a stone giant
 24039 | D:15     | Learned a level 5 spell: Agony
 24042 | D:15     | Killed a stone giant
 24043 | D:15     | Reached skill level 15 in Spellcasting
 24440 | D:15     | Killed RepoMan's ghost
 24497 | D:15     | Got the -8 robe of Happy Babbling {rC+}
 24499 | D:15     | Identified the +14 tower shield "Suckinat" {rF+ SInv}
 24733 | Lair:1   | Entered Level 1 of the Lair of Beasts
 24890 | Lair:1   | Noticed Gastronok
 24907 | Lair:1   | Killed Gastronok
 25024 | Lair:1   | Identified the +6 short sword of the Pure Prophets {flame,
                  | *Rage rElec Int-2 Dex+6}
 25050 | Lair:1   | Reached XP level 15. HP: 97/114 MP: 17/34
 25510 | Lair:2   | Found a staircase to the Snake Pit.
 25708 | Lair:2   | Reached ****** piety under Kikubaaqudgha
 25746 | Lair:2   | Found a staircase to the Shoals.
 25938 | Lair:2   | Reached skill level 10 in Shields
 26985 | Lair:4   | Identified the +4 scythe of the Black Skies {flame, +Blink
                  | Int+3}
 27058 | Lair:4   | Reached skill level 10 in Fighting
 27174 | Lair:4   | Reached skill level 14 in Necromancy
 27710 | Lair:5   | Found a staircase to the Slime Pits.
 27801 | Lair:5   | Reached skill level 1 in Armour
 28422 | Lair:6   | Entered Level 6 of the Lair of Beasts
 28454 | Lair:6   | Noticed Urug
 28480 | Lair:5   | Killed Urug
 29487 | Lair:6   | Reached XP level 16. HP: 123/124 MP: 18/36
 30012 | Lair:6   | Got the Disquisition on Spatial Evil Rites
 30022 | Lair:6   | Learned a level 7 spell: Haunt
 30355 | Orc:1    | Entered Level 1 of the Orcish Mines
 30493 | Orc:1    | Found Duusk's Antique Weapon Shop.
 30504 | Orc:1    | Bought an ichor-stained whip for 172 gold pieces
 30504 | Orc:1    | Identified the +7 whip of Twilight {drain, MP+9 Int+4} (You
                  | bought it in a shop on level 1 of the Orcish Mines)
 30507 | Orc:1    | Bought an iridescent mace for 184 gold pieces
 30507 | Orc:1    | Identified the +5 mace "Mummy's Foe" {vorpal, rN+ Str+4}
                  | (You bought it in a shop on level 1 of the Orcish Mines)
 30596 | Orc:2    | Entered Level 2 of the Orcish Mines
 30650 | Orc:1    | Found Puoll's Antique Armour Emporium.
 30802 | Orc:2    | Reached skill level 1 in Summonings
 30841 | Orc:1    | Found Ecuybeuva's Antique Armour Shoppe.
 30858 | Orc:1    | Bought a pair of glowing gloves for 172 gold pieces
 30878 | Orc:1    | Found Jurah's Book Boutique.
 31053 | Orc:2    | Found a staircase to the Elven Halls.
 31430 | Orc:2    | Found Fituvyry's Book Shoppe.
 31452 | Orc:2    | Found Laojieduc's General Store.
 31495 | Orc:2    | Bought a scroll of enchant armour for 90 gold pieces
 31570 | Orc:2    | Found Aticeuxa's Antique Armour Shoppe.
 31705 | Orc:2    | Found Daib's Antique Weapon Shoppe.
 31761 | Orc:2    | Found a gateway to a bazaar.
 31944 | Orc:1    | Bought the +2 cloak of the Thief {*Fog Slay-2 SInv Stlth+}
                  | for 462 gold pieces
 31944 | Orc:1    | Found the +2 cloak of the Thief {*Fog Slay-2 SInv Stlth+}
 32249 | D:4      | Killed Edmund
 32425 | D:7      | Acquired a +1 pair of boots of stealth
 32501 | Snake:1  | Entered Level 1 of the Snake Pit
 32865 | Snake:1  | Noticed Louise
 32872 | Snake:1  | Killed Louise
 33078 | Snake:2  | Found a frozen archway.
 33084 | IceCv    | Entered an ice cave
 33125 | IceCv    | Reached skill level 5 in Dodging
 33538 | IceCv    | Found a viscous altar of Jiyva.
 33621 | IceCv    | Identified the +2 buckler "Jiylyful" {rElec rF+ Str-4}
 33758 | Snake:2  | Noticed Aizul
 33773 | Snake:2  | Killed Aizul
 33774 | Snake:2  | Reached skill level 5 in Armour
 33774 | Snake:2  | Reached skill level 15 in Necromancy
 33778 | Snake:2  | Reached XP level 17. HP: 113/131 MP: 26/38
 33985 | Snake:2  | Noticed Donald
 33993 | Snake:2  | Killed Donald
 34320 | Snake:2  | Reached skill level 5 in Summonings
 34916 | Snake:3  | Found a runed translucent door.
 34916 | Snake:3  | Noticed fram's ghost (adept DsFE)
 34959 | Snake:3  | Noticed Agnes
 34960 | Snake:3  | Noticed Azrael
 35090 | Snake:3  | Killed Azrael
 35524 | Snake:3  | Killed fram's ghost
 35954 | Snake:3  | Killed Agnes
 36068 | Snake:3  | Noticed Vashnia
 36107 | Snake:3  | Killed Vashnia
 36244 | Snake:3  | Reached XP level 18. HP: 140/140 MP: 39/39
 36297 | Snake:4  | Entered Level 4 of the Snake Pit
 36300 | Snake:4  | Found Rahole's Assorted Antiques.
 36347 | Snake:4  | Found Tuethracw's Jewellery Shop.
 36380 | Snake:4  | Found a runed translucent door.
 36382 | Snake:4  | Noticed megamayne420's ghost (adept HOMo)
 36390 | Snake:4  | Killed megamayne420's ghost
 36528 | Snake:4  | Found Olaput Pippi's Book Shoppe.
 36529 | Snake:4  | Found Gehuin's Jewellery Boutique.
 36532 | Snake:4  | Found Kibiw's Book Shoppe.
 36697 | Snake:4  | Found Korrac's Magic Scroll Shoppe.
 37368 | Snake:4  | Got a serpentine rune of Zot
 37608 | Shoals:1 | Entered Level 1 of the Shoals
 38002 | Shoals:1 | You fall into a shaft and drop 1 floor!
 38993 | Shoals:3 | Noticed Keherigeeg's ghost (adept FoCK)
 38994 | Shoals:3 | Found the ring of the Octopus King
 38994 | Shoals:3 | Found a transporter.
 39003 | Shoals:3 | Found a transporter.
 39060 | Shoals:3 | Identified the +2 spear "Eclarr" {antimagic, rN+ Str+2}
 39359 | Shoals:4 | Entered Level 4 of the Shoals
 39372 | Shoals:4 | Reached skill level 16 in Necromancy
 39412 | Shoals:3 | Identified a +4 demon trident of pain (a +2 demon trident
                  | of freezing bloodied by Kikubaaqudgha)
 39412 | Shoals:3 | Received a gift from Kikubaaqudgha
 39590 | Shoals:4 | Reached skill level 1 in Polearms
 39615 | Shoals:4 | Reached XP level 19. HP: 123/148 MP: 36/41
 39702 | Shoals:4 | Got a barnacled rune of Zot
 40709 | Elf:1    | Entered Level 1 of the Elven Halls
 40737 | Bazaar   | Entered a bazaar
 40737 | Bazaar   | Found Oraleschi's Book Shop.
 40737 | Bazaar   | Found Jetumn's Book Boutique.
 40737 | Bazaar   | Found Jonou's Assorted Antiques.
 40737 | Bazaar   | Found Tugi's Weapon Shop.
 40760 | Bazaar   | Bought a transparent leather armour for 133 gold pieces
 40760 | Bazaar   | Identified the +1 leather armour "Rezod" {Str+3} (You
                  | bought it in a shop in a bazaar)
 40760 | Bazaar   | Bought a scroll of enchant armour for 142 gold pieces
 40760 | Bazaar   | Bought a scintillating marble ring for 95 gold pieces
 40760 | Bazaar   | Identified the ring "Jusu" {Will+ Slay+4} (You bought it in
                  | a shop in a bazaar)
 40779 | Bazaar   | Bought a book of Beasts for 304 gold pieces
 40779 | Bazaar   | Bought a manual of Stealth for 640 gold pieces
 40822 | Orc:2    | Bought a book of Dreams for 308 gold pieces
 40829 | Orc:2    | Learned a level 6 spell: Shadow Creatures
 41320 | Elf:1    | Got the Tome of Creative Arcane Weapons
 41373 | Elf:1    | Found a runed translucent door.
 41373 | Elf:1    | Found a shimmering altar of Xom.
 41373 | Elf:1    | Noticed Opsifuid's ghost (journeyman BaBe)
 41390 | Elf:1    | Killed Opsifuid's ghost
 41391 | Elf:1    | Reached skill level 1 in Ice Magic
 42033 | Elf:2    | Noticed Asterion
 42044 | Elf:2    | Killed Asterion
 42160 | Elf:2    | Noticed Roxanne
 42185 | Elf:2    | Killed Roxanne
 42203 | Elf:2    | Identified the +0 robe of Gravity {rF+ rN+ Int+3 Dex+3}
 42251 | Elf:2    | Found a huge runed translucent gate.
 42251 | Elf:2    | Found a huge runed translucent gate.
 42257 | Elf:2    | Found a huge runed translucent gate.
 42258 | Elf:2    | Found a huge runed translucent gate.
 42259 | Elf:2    | Found a huge runed translucent gate.
 42552 | Elf:3    | Entered Level 3 of the Elven Halls
 42645 | Elf:3    | Found a transporter.
 42645 | Elf:3    | Noticed generaletaddeo's ghost (master OpEE)
 42655 | Elf:3    | Found a transporter.
 42673 | Elf:3    | Reached skill level 10 in Summonings
 42819 | Elf:3    | Found Zyrao's General Store.
 42823 | Elf:3    | Bought a scroll of fog for 40 gold pieces
 42823 | Elf:3    | Bought a scroll of immolation for 70 gold pieces
 43342 | Elf:3    | Identified the amulet of Vuskuf {Faith Harm rCorr Str+5
                  | Int-4}
 43521 | Elf:3    | Reached XP level 20. HP: 100/156 MP: 9/42
 43527 | Elf:2    | Paralysed by an air elemental for 1 turns
 43693 | Elf:3    | Reached skill level 5 in Polearms
 43932 | Elf:3    | Identified the +6 quarterstaff of the Shallot {vorpal,
                  | +Blink rC- Dex+2 SInv}
 43932 | Elf:3    | Identified the ring of Vichunny {rC+ rN+ AC+4 Dex+2 Stlth+}
 43999 | Elf:3    | Found the +2 shield of Resistance {rF++ rC++ Will++}
 44078 | Elf:3    | Got Dogrureq's Reference Book on the Mountains and Ice
 44234 | Elf:3    | Identified the amulet of the Thistle {Spirit rElec Int+2
                  | Dex-3}
 44312 | Elf:3    | Acquired the amulet "Kyiroguq" {RegenMP rElec MP+9 Dex+5}
 44599 | Vaults:1 | Entered Level 1 of the Vaults
 45006 | Vaults:1 | Found Saegi's Antique Weapon Boutique.
 46215 | Vaults:2 | Reached XP level 21. HP: 148/164 MP: 43/43
 46321 | Vaults:2 | Found a runed translucent gate.
 46321 | Vaults:2 | Found a runed translucent gate.
 46321 | Vaults:2 | Found a runed translucent gate.
 46322 | Vaults:2 | Noticed TPoD's ghost (adept HOMo)
 46377 | Vaults:2 | Killed TPoD's ghost
 46555 | Vaults:2 | Reached skill level 10 in Armour
 46973 | Vaults:3 | Reached skill level 5 in Ice Magic
 47400 | Vaults:3 | Noticed Mara
 47425 | Vaults:3 | Noticed kuniqs's illusion
 47527 | Vaults:3 | Killed Mara
 47829 | Vaults:3 | Reached skill level 15 in Stealth
 48126 | Vaults:3 | Found a staircase to the Crypt.
 48376 | Crypt:1  | Entered Level 1 of the Crypt
 48448 | Crypt:1  | Reached XP level 22. HP: 172/172 MP: 14/44
 48550 | Crypt:1  | Reached skill level 10 in Dodging
 49926 | Crypt:3  | Entered Level 3 of the Crypt
 49926 | Crypt:3  | Found a staircase to the Tomb.
 50283 | Crypt:3  | Reached skill level 10 in Polearms
 50351 | Crypt:3  | Got the Disquisition on Dark Magic
 50376 | Crypt:3  | Learned a level 8 spell: Infestation
 51383 | Crypt:3  | Identified the +10 battleaxe of Mugamevi {holy, rF+ MP+9
                  | Int-5 SInv}
 51542 | Crypt:3  | Got the Guide on Transmigration
 52022 | Snake:4  | Bought a book of Spatial Translocations for 494 gold pieces
 52030 | Snake:4  | Learned a level 2 spell: Blink
 52035 | Snake:4  | Learned a level 4 spell: Passage of Golubria
 52083 | Snake:4  | Bought a scroll of teleportation for 39 gold pieces
 52083 | Snake:4  | Bought a scroll of teleportation for 39 gold pieces
 52083 | Snake:4  | Bought 3 scrolls of blinking for 292 gold pieces
 52083 | Snake:4  | Bought a scroll of torment for 97 gold pieces
 52083 | Snake:4  | Bought a scroll of enchant weapon for 97 gold pieces
 52083 | Snake:4  | Bought a scroll of fog for 26 gold pieces
 52083 | Snake:4  | Bought a scroll of fog for 26 gold pieces
 52119 | Snake:4  | Bought a scroll of magic mapping for 119 gold pieces
 52119 | Snake:4  | Bought a scroll of torment for 255 gold pieces
 52436 | Vaults:4 | Found a crumbling gateway.
 52445 | Desolati | Entered the Desolation of Salt
 52679 | Desolati | Reached skill level 1 in Translocations
 52723 | Desolati | Identified the +3 glaive "Agrutetu" {antimagic, *Rage rF+
                  | Int+3}
 52726 | Desolati | Identified the ring "Dedy" {MP+9 Str+3}
 52740 | Desolati | Identified the ring of Weebash {Str+5 Dex+6}
 52867 | Desolati | Reached XP level 23. HP: 170/178 MP: 31/45
 52934 | Desolati | Identified the ring "Fikhleref" {Str+3 Dex+6}
 52939 | Desolati | Got the Almanac of the Oath
 52940 | Desolati | Identified the +1 leather armour "Zyleumpeusch" {Str+4
                  | SInv}
 53111 | Desolati | Identified the +9 spear of the Gloaming {vorpal, rF++ rCorr
                  | Int-5 Dex+3}
 53113 | Desolati | Identified the ring of Hyaramm {rCorr Dex+3}
 54398 | Depths:1 | Entered Level 1 of the Depths
 54417 | Depths:1 | Found a broken altar of Ashenzari.
 54445 | Depths:1 | Found a flickering gateway to a bazaar.
 54467 | Bazaar   | Entered a bazaar
 54467 | Bazaar   | Found Riel's Antique Armour Emporium.
 54467 | Bazaar   | Found Limoy's Distillery.
 54467 | Bazaar   | Found Neha's Book Shoppe.
 54467 | Bazaar   | Found Zaizunist's Magic Scroll Shop.
 54469 | Bazaar   | Found Decaasoent's General Store.
 54512 | Bazaar   | Bought a scroll of teleportation for 24 gold pieces
 54512 | Bazaar   | Bought a scroll of acquirement for 416 gold pieces
 54518 | Bazaar   | Bought an embroidered cloak for 120 gold pieces
 54547 | Bazaar   | Bought 3 scrolls of fear for 178 gold pieces
 54547 | Bazaar   | Bought a scroll of magic mapping for 59 gold pieces
 54547 | Bazaar   | Bought a scroll of fear for 59 gold pieces
 54550 | Bazaar   | Acquired the amulet of Igapyeh {Fragile rPois rF+ Regen+
                  | Str+4}
 54771 | Depths:1 | Found a hide-covered altar of Uskayaw.
 54861 | Depths:1 | Found a gateway to Hell.
 55113 | Depths:1 | Found a one-way gate to the infinite horrors of the Abyss.
 55144 | Depths:1 | Voluntarily entered the Abyss.
 55826 | Abyss:3  | Reached skill level 15 in Shields
 56083 | Abyss:3  | Found a corrupted altar of Lugonu.
 56410 | Abyss:3  | Got an abyssal rune of Zot
 56430 | Depths:1 | Escaped the Abyss
 56524 | Depths:2 | Identified the +9 double sword of Pufahaom {vorpal, rN++
                  | Dex+3}
 56787 | Depths:2 | Reached skill level 5 in Translocations
 57016 | Depths:2 | Reached XP level 24. HP: 169/185 MP: 39/45
 57560 | Depths:3 | Noticed Mennas
 57579 | Depths:3 | Noticed Jory
 57609 | Depths:3 | Killed Mennas
 57873 | Depths:3 | Found the +5 demon whip "Spellbinder" {antimagic, Will+}
 57913 | Depths:3 | Identified the +3 ring mail of the Trees {rPois rN+ Str+2
                  | Int+3}
 57922 | Depths:3 | Identified the +1 robe of Toothy the Good {Harm +Blink
                  | Str+2}
 57937 | Depths:3 | Identified the +1 leather armour "Duygowam" {rC+ Str+4}
 57956 | Depths:3 | Identified the +7 spear "Beah Pup" {drain, Dex+7}
 58109 | Depths:3 | Killed Jory
 58128 | Depths:3 | Found Fithiy's Jewellery Shop.
 58178 | Depths:3 | Noticed Saint Roka
 58202 | Depths:3 | Killed Saint Roka
 58311 | Depths:3 | Noticed Sojobo
 58325 | Depths:3 | Killed Sojobo
 58392 | Depths:3 | Reached skill level 17 in Necromancy
 58639 | Depths:3 | Got the Incunabulum of Displacement
 58668 | Depths:3 | Found a one-way gate leading to the halls of Pandemonium.
 58967 | Depths:4 | Found Tyqin's Weapon Boutique.
 58971 | Depths:4 | Found Izoarac's Book Shop.
 58974 | Depths:4 | Found Jekeb's Magic Scroll Boutique.
 59195 | Depths:4 | Learned a level 7 spell: Monstrous Menagerie
 59354 | Depths:4 | You are sucked into a shaft and drop 1 floor!
 59354 | Depths:5 | Entered Level 5 of the Depths
 59381 | Depths:5 | Found Wuovec's Jewellery Shop.
 59393 | Depths:5 | Bought the ring "Uleuv" {rPois rCorr Str-4 Int+6 Dex+3
                  | Stlth+} for 1672 gold pieces
 59414 | Depths:5 | Found a gateway to a ziggurat.
 59442 | Depths:5 | Found a gate to the Realm of Zot.
 59509 | Depths:5 | Reached skill level 18 in Necromancy
 59535 | Depths:5 | Found a magical portal.
 59553 | Depths:5 | Found Pist's Magic Scroll Shoppe.
 59587 | WizLab   | Entered Wucad Mu's Monastery
 59694 | WizLab   | Found the +9 staff of Wucad Mu {*channel}
 59876 | Depths:5 | Bought a scroll of teleportation for 63 gold pieces
 59881 | Depths:5 | Reached XP level 25. HP: 181/191 MP: 39/47
 59897 | Depths:5 | Found an ornate altar of the Wu Jian Council.
 59982 | Depths:5 | Found Fiykhlorr's Antique Weapon Shop.
 60299 | Depths:4 | Found a stormy altar of Qazlal.
 60340 | Depths:5 | Found Gangoto's Distillery.
 60705 | Depths:4 | Learned a level 4 spell: Iskenderun's Mystic Blast
 60736 | Depths:4 | Reached skill level 15 in Fighting
 60810 | Depths:4 | Identified the +4 chain mail of Bihurabre {Rampage rPois
                  | Str-4 Slay+3}
 60862 | Depths:4 | Reached skill level 19 in Necromancy
 61231 | Depths:4 | Bought a scroll of immolation for 49 gold pieces
 61231 | Depths:4 | Bought a scroll of teleportation for 42 gold pieces
 61231 | Depths:4 | Bought a scroll of torment for 105 gold pieces
 61554 | Slime:1  | Entered Level 1 of the Pits of Slime
 61752 | Slime:5  | Entered Level 5 of the Pits of Slime
 62289 | Slime:5  | Noticed the Royal Jelly
 62444 | Slime:5  | Reached skill level 20 in Necromancy
 62543 | Slime:5  | Found a viscous altar of Jiyva.
 62814 | Slime:5  | Killed the Royal Jelly
 62970 | Slime:5  | Identified the ring of Orehuwom {rElec Int+6}
 62984 | Slime:5  | Identified the +5 whip "Jalur" {flame, rPois Str+5}
 63030 | Slime:5  | Identified the +2 robe of Hangman {Harm rElec rF++ Dex-2}
 63040 | Slime:5  | Identified the amulet of Byhuesme {RegenMP Fly rPois Int-2
                  | Dex+4}
 63049 | Slime:5  | Got A Thorough Guide to Wizardry
 63066 | Slime:5  | Identified the +5 hand axe "Ataegiva" {flame, rN+}
 63090 | Slime:5  | Got a slimy rune of Zot
 63547 | Vaults:5 | Entered Level 5 of the Vaults
 63552 | Vaults:5 | Identified the ring "Eclotz" {Fire rElec}
 63594 | Vaults:5 | Gained mutation: You are strongly in touch with the powers
                  | of death. [Mummy growth]
 63594 | Vaults:5 | Reached XP level 26. HP: 208/209 MP: 27/48
 63709 | Vaults:5 | Reached skill level 21 in Necromancy
 63829 | Vaults:5 | Noticed a juggernaut
 63833 | Vaults:5 | a juggernaut changed into a shard shrike
 64097 | Vaults:5 | Got a silver rune of Zot
 64120 | Vaults:5 | Got the Tome of Virous Air
 64170 | Vaults:5 | Identified the +4 chain mail "Focle" {rF+ rC+ Int+5}
 64193 | Vaults:5 | Identified the +7 dagger of Tyreuh {venom, *Slow Int+7}
 64277 | Vaults:5 | Found the +9 heavy crossbow "Sniper" {vorpal, Acc+∞ SInv}
 64998 | Vaults:5 | Identified the +7 double sword of Kojexim {drain, Fragile
                  | rElec rF+}
 65221 | Vaults:5 | Identified the +1 leather armour of the Equinox {MP+9 Str-4
                  | Int+3}
 65556 | Zot:1    | Entered Level 1 of the Realm of Zot
 65637 | Zot:1    | Reached skill level 22 in Necromancy
 65712 | Zot:1    | Identified the +1 mace of Xom's Outrage {antimagic, Int+8
                  | Dex+4}
 66702 | Zot:1    | Reached skill level 23 in Necromancy
 66723 | Zot:1    | Reached XP level 27. HP: 212/221 MP: 28/48
 66935 | Zot:2    | Noticed an orb of fire
 66935 | Zot:2    | Noticed an ancient lich
 66935 | Zot:2    | Noticed an orb of fire
 67728 | Zot:2    | Found a runed translucent door.
 67730 | Zot:2    | Noticed Sebriys's ghost (legendary TrBe)
 67742 | Zot:2    | Killed Sebriys's ghost
 67864 | Zot:2    | Reached skill level 24 in Necromancy
 68612 | Zot:2    | Killed an orb of fire
 68854 | Zot:2    | Killed an ancient lich
 68859 | Zot:2    | HP: 7/221 [orb of fire/fireball (14)]
 69173 | Zot:2    | Killed an orb of fire
 69500 | Zot:3    | Identified the +4 great mace of Solem {venom, *Rage rC+
                  | rCorr}
 69729 | Zot:3    | Reached skill level 25 in Necromancy
 70659 | Zot:4    | Identified the +2 scale mail "Qiebo" {Harm Drain rF-
                  | Regen+}
 71316 | Zot:5    | Entered Level 5 of the Realm of Zot
 71711 | Zot:5    | Noticed a dread lich
 71715 | Zot:5    | Killed a dread lich
 71766 | Zot:5    | Noticed a dread lich
 71783 | Zot:5    | Killed a dread lich
 71866 | Zot:5    | Reached skill level 26 in Necromancy
 71904 | Zot:5    | Noticed an orb of fire
 71923 | Zot:5    | Killed an orb of fire
 72099 | Zot:5    | Noticed an orb of fire
 72133 | Zot:5    | Noticed an ancient lich
 72260 | Zot:5    | Killed an ancient lich
 72322 | Zot:5    | Noticed an orb of fire
 72339 | Zot:5    | Killed an orb of fire
 72344 | Zot:5    | Killed an orb of fire
 72604 | Zot:5    | Got the Orb of Zot
 72655 | Zot:5    | Noticed Taew the pandemonium lord
 72694 | Zot:4    | Reached skill level 15 in Dodging
 73221 | D:$      | Escaped with the Orb!

Illustrated notes

Levels and vault maps discovered:
D:1:      minmay_arrival_plants_in_alcoves, layout_loops_corners,
          dilly_ecumenical_altar_fadedgnrine, minmay_misc_feat_diagonals
D:2:      layout_basic
D:3:      layout_loops_cross
D:4:      layout_loops_corners, minmay_temple_entry_tees, uniq_edmund
D:5:      layout_loops_corners, amethyst_overflow_temple_binary, goddamned_bats,
          uniq_prince_ribbit1
D:6:      layout_cave_pods, chequers_temple_overflow_statue_of_worship,
          grunt_potential
D:7:      layout_basic, serial_glass, glass_columns_a, glass_columns_b,
          glass_columns_a, glass_columns_b, glass_columns_b, glass_columns_a,
          glass_columns_b, glass_columns_b, minmay_strange_pillars,
          due_unseen_surprise
D:8:      layout_cave_pods, lair_entry_dummy, minmay_manual_mandibuliform,
          uniq_maggie
D:9:      layout_basic, mainiacjoe_overflow_cross_hatched,
          mainiacjoe_overflow_tiny_flanked,
          kennysheep_orc_monster_closet_entryway
D:10:     layout_gridville, nrook_loot_triangle, item_on_display_a
D:11:     layout_basic, minmay_statue_crystal_thing, uniq_grum, uniq_nergalle
D:12:     layout_loops_ring, serial_co_window_serial, co_window_paths_a,
          co_window_cross_1, co_window_corner_a, co_window_paths_b,
          co_window_paths_b, co_window_broadway_b, co_window_of_opportunity_b,
          co_window_corner_b, co_window_paths_d, glass_columns_a,
          glass_columns_a, glass_columns_b, glass_columns_b, glass_columns_b
D:13:     layout_small_grid, grunt_vaults_entry_fortified, serial_glass,
          glass_columns_a, glass_columns_c, feat_on_display, uniq_nessos
D:14:     minmay_the_grid_square_5x5_4x4
          [minmay_the_grid_square_5x5_checkered_statues,
          minmay_the_grid_square_5x5_six_small,
          minmay_the_grid_square_5x5_seven, minmay_the_grid_square_5x5_fat_x,
          minmay_the_grid_square_5x5_fancy_junction,
          minmay_the_grid_square_5x5_prize_monsterx,
          minmay_the_grid_square_5x5_prize_waves,
          minmay_the_grid_square_5x5_bracketed,
          minmay_the_grid_square_5x5_tetrominoes,
          minmay_the_grid_square_5x5_prize_rear_guard,
          minmay_the_grid_square_5x5_prize_snowflake,
          minmay_the_grid_square_5x5_eight_small,
          minmay_the_grid_square_5x5_almost_minimal,
          minmay_the_grid_square_5x5_lines,
          minmay_the_grid_square_5x5_hollow_slash,
          minmay_the_grid_square_5x5_v], layout_basic, special_room
          [special_room_bee], glass_columns_a
D:15:     hangedman_depths_entry_civil_slaughter, layout_loops_ring,
          gammafunk_ghost_fury_of_okawaru
Temple:   eino_wide_crystal_templ
Lair:1:   layout_misc_corridors, uniq_gastronok
Lair:2:   layout_gridlike, shoals_dummy_entry, dummy_snake_entry,
          chequers_serial_rivers_micro_e, serial_bayou_shore_a,
          grunt_megastairs_1, infiniplex_staircase_pool_2
Lair:3:   layout_chaotic_city
Lair:4:   layout_regular_city, st_stairs_10
Lair:5:   layout_regular_city, nicolae_slime_entry_slimehenge
Lair:6:   due_jungle_book, layout_misc_corridors, hangedman_lair_generics_rect,
          uniq_urug
Shoals:1: layout_shoals
Shoals:2: layout_shoals
Shoals:3: layout_shoals, ebering_ghost_davey_jones
Shoals:4: shoals_end_grunt_garden, layout_shoals, nicolae_shoals_sun_and_surf
Snake:1:  layout_misc_corridors, uniq_louise
Snake:2:  layout_chambers, portal_ice_cave_entry_pillars_four,
          grunt_megastairs_2, uniq_donald, uniq_aizul
Snake:3:  nicolae_snake_hallway, layout_rooms, ebering_ghost_inner_flame,
          uniq_vashnia, uniq_azrael, uniq_agnes
Snake:4:  johnstein_snake_rune_scales, layout_cave_town, gammafunk_ghost_grave,
          serial_shops, shop, nicolae_shop_competitors_out_of_business,
          nicolae_shop_statue_plus, serial_bayou_shore_b, lemuel_fruit_tree,
          minmay_shop_grove
Slime:1:  layout_caves, amcnicky_altar_lugonu_corruption
Slime:2:  cheibrodos_slime_lost_civilization_2, layout_caves
Slime:3:  layout_caves
Slime:4:  layout_caves
Slime:5
Orc:1:    layout_caves, serial_shops, nicolae_lakefront_shop, shop,
          nicolae_shop_overgrown_old_shop, nicolae_lakefront_shop
Orc:2:    grunt_orc_cross, layout_diamond_mine, serial_shops, bzr_entry_road,
          special_room, nicolae_orc_sculptors_studio
Elf:1:    eino_elf_arrival_the_gate, layout_loops_ring, ebering_ghost_xom,
          minmay_elf_sorcery
Elf:2:    elven_hall_of_blades_hangedman_alternative
          [nicolae_blade_entry_diamond_columns], layout_loops_ring,
          minmay_misc_feat_rows, uniq_asterion, uniq_roxanne
Elf:3:    nooodl_elf_gasket, layout_onion_city, gammafunk_ghost_arena,
          serial_shops, nicolae_shop_behind_doors
Vaults:1: nicolae_vaults_hallways_thing, vaults_mumra_minichess,
          hangedman_vaults_nodes, nicolae_vaults_little_ls,
          vaults_standard_mumra_x, nicolae_vaults_network_star,
          grunt_vaults_hallway_long, dpeg_vaults_monster_box,
          ontoclasm_vaults_pinch, nicolae_vaults_little_squares_4,
          nicolae_vaults_shelves_hall, v_pattern_2, layout_vaults_omnicross,
          serial_shops, nicolae_square_shop
Vaults:2: gammafunk_vaults_ghost_split, vaults_mumra_chevron,
          ontoclasm_vaults_bender, grunt_vaults_focal, ontoclasm_vaults_eye,
          vaults_room_stairs_pillars, vaults_room_hallway,
          nicolae_vaults_what_the_h, layout_vaults_omnigrid, uniq_margery
Vaults:3: nicolae_vaults_specimen_jars, nicolae_vaults_windows_and_doors_thing,
          vaults_mumra_chevron_long, vaults_dpeg_ring, nicolae_vaults_rhombus_7,
          grunt_vaults_swirl, hangedman_vaults_river_flow, v_alt_pattern_5,
          vaults_dpeg_encased_lava, ontoclasm_vaults_loading_screen,
          minmay_crypt_entry_simple_walls, nicolae_vaults_border_crossing,
          serial_ice_h, hangedman_vaults_cutoff, layout_vaults_omnibox,
          uniq_mara
Vaults:4: nicolae_vaults_alarming, v_misc_1, vaults_room_fancy_cross,
          dpeg_vaults_monster_row, vaults_dpeg_hooks, ontoclasm_vaults_twist,
          hangedman_vaults_capsules, vaults_room_hangedman_quadrants,
          layout_vaults_big_room, portal_desolation_entry_ruin
Vaults:5
Crypt:1:  layout_gridlike
Crypt:2:  layout_regular_city
Crypt:3:  due_elkab, layout_chaotic_city
Depths:1: layout_cave_shapes, minmay_room_of_horrors, serial_shops,
          bzr_entry_lakeside, nicolae_uskayaw_en_pointe, hangedman_coc_ice_floe,
          cheibrodos_ashenzari_chains
Depths:2: minmay_tri_box, layout_honeycomb, kennysheep_minor_cross, hell_entry
Depths:3: gold_lair_mu, layout_long_grid, serial_shops, nicolae_square_shop,
          pan_entry, lightli_too_deep, minmay_holes, st_stairs_12,
          minmay_parallelograms, hangedman_research_quantum,
          infiniplex_staircase_trident, uniq_sojobo, uniq_saint_roka, uniq_jory,
          uniq_mennas
Depths:4: kennysheep_snake, layout_gridville, patterned_corridor,
          marbit_kobold_abyss_entry, hangedman_geh_valley,
          kennysheep_nondescript, nicolae_qazlal_eye_of_the_storm,
          minmay_shop_star
Depths:5: grunt_crosshair, layout_cave_pools, enter_ziggurat_a,
          pf_hell_entry_tar_river, lightli_enter_wizlab_magi_temple,
          serial_shops, nicolae_shop_crystal, shop, nicolae_shop_behind_doors,
          nicolae_lakefront_shop, abyss_entry_glasseish,
          nicolae_wu_jian_glorious_leap
Zot:1:    lemuel_halls_of_wrath, layout_basic, st_large_dragon_hoard_1
Zot:2:    grunt_deathspiral_small, layout_onion_interference,
          ebering_ghost_reflecting_pool
Zot:3:    kennysheep_ambush_hall, layout_gridlike
Zot:4:    layout_basic
Zot:5:    layout_twisted_circle

Skill      XL: |  1  2  3  4  5  6  7  8  9 10 11 12 13 14 15 16 17 18 19 20 21 22 23 24 25 26 27 |
---------------+----------------------------------------------------------------------------------+-----
Spellcasting   | 3 4 5 7 9 11 12 14 15 16 17 18 20 21 22 | 22.4
Stealth        | 2 3 4 6 9 12 13 14 15 16 | 16.4
Necromancy     | 5 6 7 8 10 11 12 13 14 15 16 18 20 23 26 | 26.7
Fighting       | 3 5 7 9 10 11 12 13 14 17 19 | 19.0
Shields        | 4 7 8 9 10 11 12 13 14 15 | 15.0
Earth Magic    | 4 6 |  6.0
Armour         | 3 5 6 7 8 9 11 12 14 | 14.0
Dodging        | 3 5 6 7 8 9 10 11 15 | 15.0
Summonings     | 4 7 9 10 11 12 | 12.0
Polearms       | 1 4 6 9 11 13 14 | 14.0
Ice Magic      | 2 4 6 |  6.0
Translocations | 1 5 6 |  6.0

Action                   |  1- 3 |  4- 6 |  7- 9 | 10-12 | 13-15 | 16-18 | 19-21 | 22-24 | 25-27 || total
-------------------------+-------+-------+-------+-------+-------+-------+-------+-------+-------++-------
Melee: Short sword       |     5 |     4 |       |       |   222 |    49 |       |       |       ||   280
       Hand axe          |       |    64 |   136 |       |    17 |       |       |       |       ||   217
       Trident           |       |       |       |       |   133 |       |       |       |       ||   133
       Whip              |       |       |       |       |       |   521 |       |       |       ||   521
       Demon trident     |       |       |       |       |       |    15 |   773 |  1494 |  1642 ||  3924
       Spear             |       |       |       |       |       |       |       |       |     2 ||     2
 Fire: Hunting sling     |       |       |   141 |   389 |    73 |       |       |       |       ||   603
Throw: Dart              |       |       |     3 |       |    17 |     4 |       |     1 |     2 ||    27
 Cast: Pain              |    82 |    67 |    34 |     2 |       |       |       |       |       ||   185
       Animate Dead      |       |     1 |       |       |     2 |    18 |     5 |     1 |     3 ||    30
       Vampiric Draining |       |       |    39 |    74 |     4 |    18 |    14 |    19 |    59 ||   227
       Dispel Undead     |       |       |       |    16 |    37 |    44 |    32 |   276 |    57 ||   462
       Borgnjor's Vile C |       |       |       |    45 |   280 |   454 |   338 |   337 |   289 ||  1743
       Agony             |       |       |       |       |     2 |     1 |       |       |       ||     3
       Haunt             |       |       |       |       |       |     6 |       |    19 |    80 ||   105
       Death Channel     |       |       |       |       |       |     9 |     3 |       |     3 ||    15
       Mephitic Cloud    |       |       |       |       |       |     1 |       |       |       ||     1
       Simulacrum        |       |       |       |       |       |       |     5 |       |    11 ||    16
       Shadow Creatures  |       |       |       |       |       |       |     3 |    10 |       ||    13
       Monstrous Menager |       |       |       |       |       |       |       |     1 |       ||     1
       Infestation       |       |       |       |       |       |       |       |       |    16 ||    16
       Passage of Golubr |       |       |       |       |       |       |       |       |     6 ||     6
Invok: Receive Corpses   |       |       |       |       |     1 |     4 |     1 |     2 |     6 ||    14
       Brand Weapon With |       |       |       |       |       |     1 |       |       |       ||     1
Evoke: Wand              |       |       |       |     8 |       |     3 |     1 |       |    25 ||    37
       Box of beasts     |       |       |       |     1 |       |       |       |       |       ||     1
       Lightning rod     |       |       |       |       |    10 |     8 |     2 |       |       ||    20
  Use: Scroll            |       |       |       |    17 |     3 |    22 |     8 |    14 |    17 ||    81
 Stab: Sleeping          |       |       |     5 |       |     4 |     5 |     9 |    36 |    29 ||    88
       Distracted        |       |       |       |       |       |     1 |     5 |    10 |    17 ||    33
       Paralysed         |       |       |       |       |       |       |       |     1 |       ||     1
Armor: Leather armour    |     3 |    11 |       |       |     1 |       |       |       |       ||    15
       Robe              |       |    20 |   131 |    24 |       |       |       |       |       ||   175
       Steam dragon scal |       |       |       |    90 |       |       |       |       |       ||    90
       Troll leather arm |       |       |       |    10 |   149 |   125 |   429 |   452 |   424 ||  1589
Dodge: Dodged            |     6 |    63 |   207 |   145 |   276 |   415 |   571 |   850 |   784 ||  3317
Block: Kite shield       |       |       |       |   119 |   123 |       |   586 |  1102 |   792 ||  2722
       Tower shield      |       |       |       |       |   715 |  1508 |   154 |       |    13 ||  2390
       Buckler           |       |       |       |       |       |    12 |    50 |       |       ||    62
